Chicago Black Hawks vs Vancouver Canucks
Created - Wednesday, August 30, 2023 at 07:36
Goals
|
| Chicago Black Hawks |
1 |
1 |
0 |
2 |
| Vancouver Canucks |
1 |
0 |
0 |
1 |
|
Shots
|
| Chicago Black Hawks |
15 |
16 |
14 |
45 |
| Vancouver Canucks |
14 |
10 |
9 |
33 |
|
1st period
1. Vancouver Canucks , Jesperi Kotkaniemi 1 (Casey Mittelstadt 1, Jake Bean 3) at 13:09
2. Chicago Black Hawks , Kevin Fiala 3 (Vincent Trocheck 5, Bo Horvat 5) at 19:59
Penalties :
Anton Lundell (VAN) for Hooking (Minor) at 6:11
2nd period
3. Chicago Black Hawks , Morgan Frost 4 (Michael Rasmussen 2, Brent Burns 4) at 18:45
Penalties :
Mikko Rantanen (VAN) for Elbowing (Minor) at 3:18, Sam Lafferty (VAN) for Tripping (Minor) at 12:32, Travis Sanheim (CHI) for Tripping (Minor) at 19:09
3rd period
No Goal
Penalties :
Vincent Trocheck (CHI) for Interference (Minor) at 6:05
Goalie Stats
Thatcher Demko (CHI), 32 saves from 33 shots - (0.970), W, 5-0-1, 60:00 minutes
Ville Husso (VAN), 43 saves from 45 shots - (0.956), L, 1-2-0, 60:00 minutes
Players Stats for Chicago Black Hawks
Player Name G A P +/- PIM S H SB GA TA FO MP PP MP PK MP
------------------------------------------------------------------------------------
Barrett Hayton 0 0 0 0 0 1 2 0 1 0 0/0 17:07 2:51 0:27
Bo Horvat 0 1 1 1 0 4 2 0 2 1 14/21 19:54 3:02 1:40
Brent Burns 0 1 1 1 0 3 0 3 1 1 0/0 24:44 2:58 2:54
Cal Clutterbuck 0 0 0 0 0 0 5 1 0 0 0/0 13:37 0:04 0:00
Christopher Tanev 0 0 0 1 0 2 1 0 0 1 0/0 17:00 2:59 0:00
Cole Perfetti 0 0 0 0 0 1 0 0 0 0 0/1 8:40 0:00 0:00
Devon Toews 0 0 0 -1 0 2 1 0 0 1 0/0 17:12 0:00 0:00
Frederick Gaudreau 0 0 0 0 0 0 0 0 0 0 0/8 8:40 0:00 0:00
Kevin Fiala 1 0 1 1 0 3 2 2 2 0 1/1 20:08 2:56 1:51
Michael Rasmussen 0 1 1 0 0 1 1 0 0 1 0/0 8:52 0:00 0:00
Morgan Frost 1 0 1 0 0 5 1 0 0 0 8/13 13:46 0:04 0:09
Morgan Rielly 0 0 0 -1 0 0 2 2 0 2 0/0 22:10 2:59 1:59
Patrice Bergeron 0 0 0 0 0 6 4 0 0 1 2/6 17:20 2:51 1:58
Seth Jones 0 0 0 1 0 4 2 0 0 0 0/0 23:49 2:58 1:59
Shane Pinto 0 0 0 0 0 7 0 0 0 0 0/1 12:55 0:21 0:58
Travis Sanheim 0 0 0 1 2 1 0 0 0 0 0/0 15:09 0:00 1:04
Tyler Bertuzzi 0 0 0 0 0 3 0 0 0 0 0/1 15:56 2:51 0:00
Vincent Trocheck 0 1 1 1 2 2 2 0 0 0 1/4 19:01 2:51 0:53
Players Stats for Vancouver Canucks
Player Name G A P +/- PIM S H SB GA TA FO MP PP MP PK MP
------------------------------------------------------------------------------------
Adam Boqvist 0 0 0 1 0 1 1 2 0 1 0/0 20:35 2:38 0:01
Aleksander Barkov 0 0 0 -1 0 3 1 0 1 0 18/27 22:19 2:11 2:41
Anton Lundell 0 0 0 0 2 2 3 1 0 0 1/1 12:59 0:00 1:18
Artturi Lehkonen 0 0 0 -1 0 0 2 0 1 2 0/1 17:45 1:47 0:00
Casey Mittelstadt 0 1 1 1 0 4 0 0 0 0 0/1 11:14 1:47 1:31
Clayton Keller 0 0 0 -1 0 6 1 1 1 0 0/1 17:14 2:11 0:30
Jacob Bryson 0 0 0 0 0 1 0 1 0 0 0/0 11:36 0:00 0:01
Jake Bean 0 1 1 1 0 2 2 0 0 0 0/0 21:38 0:46 2:26
Jesperi Kotkaniemi 1 0 1 1 0 1 0 0 1 0 0/1 7:08 0:00 0:00
Kasperi Kapanen 0 0 0 0 0 3 1 0 1 0 0/1 11:26 0:00 0:00
Mikko Rantanen 0 0 0 -1 2 3 2 0 0 0 0/1 19:36 2:11 0:00
Miro Heiskanen 0 0 0 -2 0 0 0 2 0 1 0/0 26:10 3:12 2:26
Noah Cates 0 0 0 -1 0 0 2 0 0 0 5/11 16:29 0:00 2:53
Noah Hanifin 0 0 0 -2 0 4 2 1 0 1 0/0 25:36 1:20 3:30
Olli Maatta 0 0 0 0 0 0 1 0 0 0 0/0 14:25 0:00 3:30
Robby Fabbri 0 0 0 -1 0 2 2 0 1 0 1/1 17:30 1:47 1:54
Sam Lafferty 0 0 0 0 2 0 1 0 1 0 5/10 13:12 0:00 1:07
Taylor Raddysh 0 0 0 1 0 1 0 0 1 1 0/0 7:08 0:00 0:00
3 Stars
1 - Thatcher Demko (CHI)
2 - Ville Husso (VAN)
3 - Kevin Fiala (CHI)
Power Play
Chicago Black Hawks - 0 on 3 Attempt(s) - 0.00%
Vancouver Canucks - 0 on 2 Attempt(s) - 0.00%
Penalty Kill
Chicago Black Hawks - 2 on 2 Attempt(s) - 100.00%
- Score 0 goal in Penalty Kill
Vancouver Canucks - 3 on 3 Attempt(s) - 100.00%
- Score 0 goal in Penalty Kill
Team Stat
Chicago Black Hawks - Hits : 25 - Faceoff Wins : 26 - Blocked Shots : 8 - Penalty Minutes : 4
Vancouver Canucks - Hits : 21 - Faceoff Wins : 30 - Blocked Shots : 8 - Penalty Minutes : 6
Official
Referees : Dan O'Halloran and Dave Lewis
Linesman : Derek Nansen and Bryan Pancich
Game Notes
Michael Rasmussen is injured at 3:10 of 3rd period (Right Leg)
Finance
Level 1 -- Attendance: 4477 (74.62%) -- Ticket Income $443,223
Level 2 -- Attendance: 4183 (83.66%) -- Ticket Income $246,797
Level 3 -- Attendance: 2587 (86.23%) -- Ticket Income $87,958
Level 4 -- Attendance: 3622 (72.44%) -- Ticket Income $86,928
Luxury Box -- Attendance: 846 (84.60%) -- Ticket Income $168,354
Game was played at the American Airlines Center.
Total Attendance: 15715 (78.58%)
Total Ticket Income: $1,033,260
Other Income: $361,641
Total Income: $1,394,901
Chicago Black Hawks
5 vs 5 Forward
Center Left Wing Right Wing Time % Phy DF OF
1 Bo Horvat Kevin Fiala Vincent Trocheck 30 1 2 2
2 Patrice Bergeron Barrett Hayton Tyler Bertuzzi 30 1 2 2
3 Morgan Frost Michael Rasmussen Cal Clutterbuck 25 1 2 2
4 Frederick Gaudreau Cole Perfetti Shane Pinto 15 1 2 2
5 vs 5 Defense
Defense Defense Time % Phy DF OF
1 Seth Jones Brent Burns 35 1 2 2
2 Devon Toews Morgan Rielly 35 1 2 2
3 Christopher Tanev Travis Sanheim 30 1 2 2
4 Seth Jones Brent Burns 0 1 2 2
PowerPlay Forward
Center Left Wing Right Wing Time % Phy DF OF
1 Bo Horvat Kevin Fiala Vincent Trocheck 50 1 2 2
2 Patrice Bergeron Barrett Hayton Tyler Bertuzzi 50 1 2 2
PowerPlay Defense
Defense Defense Time % Phy DF OF
1 Seth Jones Brent Burns 50 1 2 2
2 Christopher Tanev Morgan Rielly 50 1 2 2
Penalty Kill 4 Players Forward
Center Wing Time % Phy DF OF
1 Bo Horvat Patrice Bergeron 50 1 2 2
2 Vincent Trocheck Kevin Fiala 50 1 2 2
Penalty Kill 4 Players Defense
Defense Defense Time % Phy DF OF
1 Seth Jones Brent Burns 50 1 2 2
2 Travis Sanheim Morgan Rielly 50 1 2 2
Penalty Kill - 3 Players Forward
Forward Time % Phy DF OF
1 Bo Horvat 50 1 2 2
2 Patrice Bergeron 50 1 2 2
Penalty Kill - 3 Players Defense
Defense Defense Time % Phy DF OF
1 Seth Jones Brent Burns 50 1 2 2
2 Travis Sanheim Morgan Rielly 50 1 2 2
4 vs 4 Forward
Center Wing Time % Phy DF OF
1 Bo Horvat Patrice Bergeron 50 1 2 2
2 Vincent Trocheck Kevin Fiala 50 1 2 2
4 vs 4 Defense
Defense Defense Time % Phy DF OF
1 Seth Jones Brent Burns 50 1 2 2
2 Christopher Tanev Morgan Rielly 50 1 2 2
Last Minutes Offensive
Center Left Wing Right Wing Defense Defense
Bo Horvat Kevin Fiala Vincent Trocheck Seth Jones Brent Burns
Last Minutes Defensive
Center Left Wing Right Wing Defense Defense
Bo Horvat Kevin Fiala Vincent Trocheck Seth Jones Brent Burns
Goaltenders
Starting : Thatcher Demko
Backup : Jordan Binnington
Extra Forwards
Normal : Shane Pinto, Morgan Frost, Michael Rasmussen - PP : Shane Pinto, Morgan Frost - PK : Michael Rasmussen
Extra Defensemen
Normal : Christopher Tanev, Travis Sanheim, Seth Jones - PP : Christopher Tanev - PK : Travis Sanheim, Brent Burns
Penalty Shots
Bo Horvat, Patrice Bergeron, Vincent Trocheck, Kevin Fiala, Barrett Hayton
Vancouver Canucks
5 vs 5 Forward
Center Left Wing Right Wing Time % Phy DF OF
1 Aleksander Barkov Artturi Lehkonen Mikko Rantanen 40 1 2 2
2 Noah Cates Robby Fabbri Clayton Keller 30 1 2 2
3 Sam Lafferty Anton Lundell Kasperi Kapanen 20 1 2 2
4 Jesperi Kotkaniemi Casey Mittelstadt Taylor Raddysh 10 1 2 2
5 vs 5 Defense
Defense Defense Time % Phy DF OF
1 Noah Hanifin Miro Heiskanen 40 1 2 2
2 Adam Boqvist Jake Bean 30 1 2 2
3 Olli Maatta Jacob Bryson 20 1 2 2
4 Noah Hanifin Miro Heiskanen 10 1 2 2
PowerPlay Forward
Center Left Wing Right Wing Time % Phy DF OF
1 Aleksander Barkov Clayton Keller Mikko Rantanen 60 0 1 4
2 Casey Mittelstadt Robby Fabbri Artturi Lehkonen 40 0 1 4
PowerPlay Defense
Defense Defense Time % Phy DF OF
1 Miro Heiskanen Adam Boqvist 60 0 1 4
2 Noah Hanifin Jake Bean 40 0 1 4
Penalty Kill 4 Players Forward
Center Wing Time % Phy DF OF
1 Aleksander Barkov Noah Cates 60 1 3 1
2 Sam Lafferty Anton Lundell 40 1 3 1
Penalty Kill 4 Players Defense
Defense Defense Time % Phy DF OF
1 Noah Hanifin Olli Maatta 60 1 3 1
2 Miro Heiskanen Jake Bean 40 1 3 1
Penalty Kill - 3 Players Forward
Forward Time % Phy DF OF
1 Noah Cates 60 1 3 1
2 Aleksander Barkov 40 1 3 1
Penalty Kill - 3 Players Defense
Defense Defense Time % Phy DF OF
1 Noah Hanifin Olli Maatta 60 1 3 1
2 Miro Heiskanen Jake Bean 40 1 3 1
4 vs 4 Forward
Center Wing Time % Phy DF OF
1 Aleksander Barkov Mikko Rantanen 60 1 2 2
2 Robby Fabbri Artturi Lehkonen 40 1 2 2
4 vs 4 Defense
Defense Defense Time % Phy DF OF
1 Miro Heiskanen Noah Hanifin 60 1 2 2
2 Olli Maatta Adam Boqvist 40 1 2 2
Last Minutes Offensive
Center Left Wing Right Wing Defense Defense
Aleksander Barkov Clayton Keller Mikko Rantanen Miro Heiskanen Adam Boqvist
Last Minutes Defensive
Center Left Wing Right Wing Defense Defense
Aleksander Barkov Noah Cates Sam Lafferty Noah Hanifin Olli Maatta
Goaltenders
Starting : Ville Husso
Backup : Joonas Korpisalo
Extra Forwards
Normal : Mikko Rantanen, Aleksander Barkov, Artturi Lehkonen - PP : Clayton Keller, Kasperi Kapanen - PK : Robby Fabbri
Extra Defensemen
Normal : Miro Heiskanen, Noah Hanifin, Olli Maatta - PP : Adam Boqvist - PK : Jake Bean, Jacob Bryson
Penalty Shots
Aleksander Barkov, Anton Lundell, Jesperi Kotkaniemi, Jake Bean, Mikko Rantanen
% Time on Ice - Chicago Black Hawks
Lines # - Real PCT - Wanted PCT - Time Play
Normal Forward
1 - 29% - 30% - 13:58
2 - 26% - 30% - 12:55
3 - 27% - 25% - 13:18
4 - 18% - 15% - 8:40
Normal Defense
1 - 35% - 35% - 17:01
2 - 35% - 35% - 17:12
3 - 29% - 30% - 14:01
4 - 1% - 0% - 0:37
PP Forward
1 - 51% - 50% - 3:02
2 - 49% - 50% - 2:55
PP Defense
1 - 50% - 50% - 2:58
2 - 50% - 50% - 2:59
PK Forward
1 - 42% - 50% - 1:40
2 - 58% - 50% - 2:18
PK Defense
1 - 50% - 50% - 1:59
2 - 50% - 50% - 1:59
PK3 Forward
1 - 0% - 50%
2 - 0% - 50%
PK3 Defense
1 - 0% - 50%
2 - 0% - 50%
44 Forward
1 - 0% - 50%
2 - 0% - 50%
44 Defense
1 - 0% - 50%
2 - 0% - 50%
Last Minute Offensive - 0:00
Last Minute Defensive - 1:14
Total
Forward - 60:00
Defense - 60:00
|
% Time on Ice - Vancouver Canucks
Lines # - Real PCT - Wanted PCT - Time Play
Normal Forward
1 - 35% - 40% - 16:57
2 - 27% - 30% - 13:20
3 - 23% - 20% - 11:26
4 - 15% - 10% - 7:08
Normal Defense
1 - 40% - 40% - 19:39
2 - 35% - 30% - 17:04
3 - 22% - 20% - 10:59
4 - 2% - 10% - 1:09
PP Forward
1 - 55% - 60% - 2:11
2 - 45% - 40% - 1:47
PP Defense
1 - 81% - 60% - 3:12
2 - 19% - 40% - 0:46
PK Forward
1 - 69% - 60% - 4:08
2 - 31% - 40% - 1:49
PK Defense
1 - 59% - 60% - 3:31
2 - 41% - 40% - 2:26
PK3 Forward
1 - 0% - 60%
2 - 0% - 40%
PK3 Defense
1 - 0% - 60%
2 - 0% - 40%
44 Forward
1 - 0% - 60%
2 - 0% - 40%
44 Defense
1 - 0% - 60%
2 - 0% - 40%
Last Minute Offensive - 1:14
Last Minute Defensive - 0:00
Total
Forward - 60:00
Defense - 60:00
|
Play-by-Play
1st period
0:01 of 1st period - Aleksander Barkov wins face-off versus Vincent Trocheck in neutral zone.
0:15 of 1st period - Seth Jones is hit by Noah Hanifin and loses puck.
0:33 of 1st period - Snap shot by Clayton Keller.
0:33 of 1st period - Stopped by Thatcher Demko without a rebound.
0:34 of 1st period - Morgan Frost wins face-off versus Sam Lafferty in Chicago Black Hawks zone.
1:59 of 1st period - Icing by Noah Cates.
2:00 of 1st period - Sam Lafferty wins face-off versus Morgan Frost in Vancouver Canucks zone.
2:00 of 1st period - Sam Lafferty is hit by Cal Clutterbuck.
2:08 of 1st period - Snap shot by Anton Lundell.
2:08 of 1st period - Stopped by Thatcher Demko with a rebound.
2:51 of 1st period - Snap shot by Taylor Raddysh.
2:51 of 1st period - Shot Misses the Net.
2:53 of 1st period - Slapshot by Noah Hanifin.
2:53 of 1st period - Stopped by Thatcher Demko without a rebound.
2:54 of 1st period - Bo Horvat wins face-off versus Jesperi Kotkaniemi in Chicago Black Hawks zone.
3:11 of 1st period - Backhand shot by Bo Horvat.
3:11 of 1st period - Shot Blocked by Miro Heiskanen.
3:28 of 1st period - Snap shot by Casey Mittelstadt.
3:28 of 1st period - Stopped by Thatcher Demko with a rebound.
3:36 of 1st period - Wrist shot by Casey Mittelstadt.
3:36 of 1st period - Stopped by Thatcher Demko without a rebound.
3:37 of 1st period - Noah Cates wins face-off versus Frederick Gaudreau in Chicago Black Hawks zone.
4:02 of 1st period - Barrett Hayton is hit by Mikko Rantanen and loses puck.
4:20 of 1st period - Icing by Barrett Hayton.
4:21 of 1st period - Sam Lafferty wins face-off versus Morgan Frost in Chicago Black Hawks zone.
4:34 of 1st period - Jake Bean is hit by Seth Jones and loses puck.
4:49 of 1st period - Backhand shot by Shane Pinto.
4:49 of 1st period - Stopped by Ville Husso with a rebound.
4:51 of 1st period - Slapshot by Travis Sanheim.
4:51 of 1st period - Stopped by Ville Husso with a rebound.
4:53 of 1st period - Slapshot by Christopher Tanev.
4:53 of 1st period - Stopped by Ville Husso without a rebound.
4:54 of 1st period - Aleksander Barkov wins face-off versus Cole Perfetti in Vancouver Canucks zone.
5:05 of 1st period - Snap shot by Aleksander Barkov.
5:05 of 1st period - Stopped by Thatcher Demko with a rebound.
5:07 of 1st period - Wrist shot by Aleksander Barkov.
5:07 of 1st period - Stopped by Thatcher Demko with a rebound.
5:23 of 1st period - Snap shot by Patrice Bergeron.
5:23 of 1st period - Shot Misses the Net.
5:56 of 1st period - Off-side.
5:57 of 1st period - Bo Horvat wins face-off versus Sam Lafferty in neutral zone.
5:59 of 1st period - Off-side.
6:00 of 1st period - Bo Horvat wins face-off versus Sam Lafferty in neutral zone.
6:09 of 1st period - Snap shot by Kevin Fiala.
6:09 of 1st period - Shot Blocked by Jacob Bryson.
6:11 of 1st period - Minor Penalty to Anton Lundell for Hooking.
6:12 of 1st period - Aleksander Barkov wins face-off versus Bo Horvat in Vancouver Canucks zone.
6:23 of 1st period - Snap shot by Kevin Fiala.
6:23 of 1st period - Shot Misses the Net.
6:25 of 1st period - Slapshot by Brent Burns.
6:25 of 1st period - Stopped by Ville Husso with a rebound.
8:11 of 1st period - Penalty to Anton Lundell is over, Anton Lundell is back on ice.
8:21 of 1st period - Anton Lundell is hit by Cal Clutterbuck and loses puck.
8:34 of 1st period - Wrist shot by Taylor Raddysh.
8:34 of 1st period - Shot Misses the Net.
8:53 of 1st period - Morgan Frost is hit by Kasperi Kapanen and loses puck.
9:03 of 1st period - Icing by Frederick Gaudreau.
9:04 of 1st period - Aleksander Barkov wins face-off versus Frederick Gaudreau in Chicago Black Hawks zone.
9:13 of 1st period - Slapshot by Mikko Rantanen.
9:13 of 1st period - Shot Misses the Net.
9:23 of 1st period - Noah Cates is hit by Kevin Fiala and loses puck.
9:30 of 1st period - Jacob Bryson is hit by Morgan Rielly and loses puck.
9:55 of 1st period - Wrist shot by Tyler Bertuzzi.
9:55 of 1st period - Stopped by Ville Husso with a rebound.
10:29 of 1st period - Seth Jones is hit by Artturi Lehkonen and loses puck.
10:54 of 1st period - Wrist shot by Shane Pinto.
10:54 of 1st period - Stopped by Ville Husso without a rebound.
10:55 of 1st period - Robby Fabbri wins face-off versus Bo Horvat in Vancouver Canucks zone.
11:08 of 1st period - Snap shot by Vincent Trocheck.
11:08 of 1st period - Shot Blocked by Adam Boqvist.
11:27 of 1st period - Snap shot by Barrett Hayton.
11:27 of 1st period - Shot Misses the Net.
11:29 of 1st period - Snap shot by Barrett Hayton.
11:29 of 1st period - Stopped by Ville Husso with a rebound.
11:41 of 1st period - Aleksander Barkov is hit by Cal Clutterbuck and loses puck.
12:00 of 1st period - Adam Boqvist is hit by Vincent Trocheck and loses puck.
13:03 of 1st period - Snap shot by Taylor Raddysh.
13:03 of 1st period - Stopped by Thatcher Demko with a rebound.
13:05 of 1st period - Slapshot by Jake Bean.
13:05 of 1st period - Shot Misses the Net.
13:07 of 1st period - Snap shot by Casey Mittelstadt.
13:07 of 1st period - Stopped by Thatcher Demko with a rebound.
13:09 of 1st period - Snap shot by Jesperi Kotkaniemi.
13:09 of 1st period - Goal by Jesperi Kotkaniemi - Chicago Black Hawks : 0 - Vancouver Canucks : 1.
13:10 of 1st period - Noah Cates wins face-off versus Bo Horvat in neutral zone.
13:39 of 1st period - Seth Jones is hit by Artturi Lehkonen and loses puck.
14:00 of 1st period - Slapshot by Seth Jones.
14:00 of 1st period - Deflect By Morgan Frost.
14:00 of 1st period - Stopped by Ville Husso without a rebound.
14:01 of 1st period - Morgan Frost wins face-off versus Kasperi Kapanen in Vancouver Canucks zone.
14:10 of 1st period - Slapshot by Michael Rasmussen.
14:10 of 1st period - Deflect By Morgan Frost.
14:10 of 1st period - Shot Blocked by Anton Lundell.
14:10 of 1st period - Puck is out of play.
14:11 of 1st period - Aleksander Barkov wins face-off versus Bo Horvat in Vancouver Canucks zone.
14:22 of 1st period - Wrist shot by Mikko Rantanen.
14:22 of 1st period - Shot Misses the Net.
14:24 of 1st period - Slapshot by Noah Hanifin.
14:24 of 1st period - Stopped by Thatcher Demko with a rebound.
14:38 of 1st period - Patrice Bergeron is hit by Noah Cates.
15:00 of 1st period - Snap shot by Kasperi Kapanen.
15:00 of 1st period - Shot Misses the Net.
15:06 of 1st period - Sam Lafferty is hit by Michael Rasmussen.
15:14 of 1st period - Sam Lafferty is hit by Cal Clutterbuck and loses puck.
15:41 of 1st period - Snap shot by Kasperi Kapanen.
15:41 of 1st period - Stopped by Thatcher Demko without a rebound.
15:42 of 1st period - Aleksander Barkov wins face-off versus Patrice Bergeron in Chicago Black Hawks zone.
15:47 of 1st period - Wrist shot by Mikko Rantanen.
15:47 of 1st period - Shot Misses the Net.
16:21 of 1st period - Off-side.
16:22 of 1st period - Morgan Frost wins face-off versus Artturi Lehkonen in neutral zone.
16:33 of 1st period - Cal Clutterbuck is hit by Mikko Rantanen and loses puck.
16:48 of 1st period - Patrice Bergeron is hit by Noah Cates and loses puck.
16:55 of 1st period - Snap shot by Clayton Keller.
16:55 of 1st period - Stopped by Thatcher Demko with a rebound.
16:57 of 1st period - Snap shot by Clayton Keller.
16:57 of 1st period - Shot Blocked by Brent Burns.
16:59 of 1st period - Wrist shot by Olli Maatta.
16:59 of 1st period - Deflect By Clayton Keller.
16:59 of 1st period - Stopped by Thatcher Demko with a rebound.
18:09 of 1st period - Icing by Morgan Rielly.
18:10 of 1st period - Noah Cates wins face-off versus Frederick Gaudreau in Chicago Black Hawks zone.
19:03 of 1st period - Snap shot by Patrice Bergeron.
19:03 of 1st period - Stopped by Ville Husso without a rebound.
19:04 of 1st period - Aleksander Barkov wins face-off versus Patrice Bergeron in Vancouver Canucks zone.
19:25 of 1st period - Wrist shot by Tyler Bertuzzi.
19:25 of 1st period - Stopped by Ville Husso with a rebound.
19:27 of 1st period - Slapshot by Seth Jones.
19:27 of 1st period - Stopped by Ville Husso with a rebound.
19:29 of 1st period - Snap shot by Patrice Bergeron.
19:29 of 1st period - Stopped by Ville Husso with a rebound.
19:51 of 1st period - Slapshot by Patrice Bergeron.
19:51 of 1st period - Stopped by Ville Husso with a rebound.
19:53 of 1st period - Snap shot by Patrice Bergeron.
19:53 of 1st period - Deflect By Barrett Hayton.
19:53 of 1st period - Shot Misses the Net.
19:53 of 1st period - Puck is out of play.
19:54 of 1st period - Bo Horvat wins face-off versus Noah Cates in Vancouver Canucks zone.
19:57 of 1st period - Slapshot by Vincent Trocheck.
19:57 of 1st period - Stopped by Ville Husso with a rebound.
19:59 of 1st period - Wrist shot by Kevin Fiala.
19:59 of 1st period - Goal by Kevin Fiala - Chicago Black Hawks : 1 - Vancouver Canucks : 1.
Goals for this period are 1 for Chicago Black Hawks vs 1 for Vancouver Canucks.
Shots for this period are 15 for Chicago Black Hawks vs 14 for Vancouver Canucks.
2nd period
0:01 of 2nd period - Noah Cates wins face-off versus Morgan Frost in neutral zone.
0:10 of 2nd period - Noah Cates is hit by Cal Clutterbuck and loses puck.
1:14 of 2nd period - Wrist shot by Anton Lundell.
1:14 of 2nd period - Stopped by Thatcher Demko without a rebound.
1:15 of 2nd period - Sam Lafferty wins face-off versus Frederick Gaudreau in Chicago Black Hawks zone.
1:16 of 2nd period - Slapshot by Kasperi Kapanen.
1:16 of 2nd period - Shot Misses the Net.
1:18 of 2nd period - Wrist shot by Kasperi Kapanen.
1:18 of 2nd period - Shot Misses the Net.
1:20 of 2nd period - Slapshot by Sam Lafferty.
1:20 of 2nd period - Deflect By Kasperi Kapanen.
1:20 of 2nd period - Stopped by Thatcher Demko without a rebound.
1:21 of 2nd period - Bo Horvat wins face-off versus Aleksander Barkov in Chicago Black Hawks zone.
1:32 of 2nd period - Slapshot by Kevin Fiala.
1:32 of 2nd period - Shot Misses the Net.
1:53 of 2nd period - Wrist shot by Robby Fabbri.
1:53 of 2nd period - Stopped by Thatcher Demko with a rebound.
1:55 of 2nd period - Snap shot by Clayton Keller.
1:55 of 2nd period - Stopped by Thatcher Demko with a rebound.
1:57 of 2nd period - Wrist shot by Clayton Keller.
1:57 of 2nd period - Shot Misses the Net.
1:59 of 2nd period - Slapshot by Jake Bean.
1:59 of 2nd period - Stopped by Thatcher Demko with a rebound.
2:01 of 2nd period - Snap shot by Noah Cates.
2:01 of 2nd period - Shot Misses the Net.
2:17 of 2nd period - Wrist shot by Patrice Bergeron.
2:17 of 2nd period - Stopped by Ville Husso with a rebound.
2:21 of 2nd period - Wrist shot by Tyler Bertuzzi.
2:21 of 2nd period - Deflect By Patrice Bergeron.
2:21 of 2nd period - Stopped by Ville Husso without a rebound.
2:22 of 2nd period - Bo Horvat wins face-off versus Aleksander Barkov in Vancouver Canucks zone.
2:27 of 2nd period - Snap shot by Vincent Trocheck.
2:27 of 2nd period - Shot Misses the Net.
2:29 of 2nd period - Slapshot by Brent Burns.
2:29 of 2nd period - Stopped by Ville Husso without a rebound.
2:30 of 2nd period - Kevin Fiala wins face-off versus Mikko Rantanen in Vancouver Canucks zone.
2:31 of 2nd period - Wrist shot by Vincent Trocheck.
2:31 of 2nd period - Stopped by Ville Husso without a rebound.
2:32 of 2nd period - Bo Horvat wins face-off versus Aleksander Barkov in Vancouver Canucks zone.
2:49 of 2nd period - Snap shot by Bo Horvat.
2:49 of 2nd period - Stopped by Ville Husso with a rebound.
2:51 of 2nd period - Wrist shot by Seth Jones.
2:51 of 2nd period - Stopped by Ville Husso with a rebound.
2:53 of 2nd period - Wrist shot by Bo Horvat.
2:53 of 2nd period - Stopped by Ville Husso with a rebound.
3:01 of 2nd period - Wrist shot by Vincent Trocheck.
3:01 of 2nd period - Shot Misses the Net.
3:18 of 2nd period - Minor Penalty to Mikko Rantanen for Elbowing.
3:19 of 2nd period - Aleksander Barkov wins face-off versus Patrice Bergeron in Vancouver Canucks zone.
4:22 of 2nd period - Kevin Fiala is hit by Jake Bean and loses puck.
5:18 of 2nd period - Penalty to Mikko Rantanen is over, Mikko Rantanen is back on ice.
5:33 of 2nd period - Snap shot by Kasperi Kapanen.
5:33 of 2nd period - Stopped by Thatcher Demko with a rebound.
5:50 of 2nd period - Snap shot by Cole Perfetti.
5:50 of 2nd period - Shot Misses the Net.
5:52 of 2nd period - Wrist shot by Frederick Gaudreau.
5:52 of 2nd period - Shot Hit the Post.
5:54 of 2nd period - Slapshot by Devon Toews.
5:54 of 2nd period - Deflect By Aleksander Barkov.
5:54 of 2nd period - Stopped by Ville Husso without a rebound.
5:55 of 2nd period - Sam Lafferty wins face-off versus Morgan Frost in Vancouver Canucks zone.
6:00 of 2nd period - Morgan Frost is hit by Anton Lundell.
6:26 of 2nd period - Clayton Keller is hit by Patrice Bergeron and loses puck.
6:31 of 2nd period - Snap shot by Patrice Bergeron.
6:31 of 2nd period - Shot Blocked by Clayton Keller.
7:27 of 2nd period - Wrist shot by Kasperi Kapanen.
7:27 of 2nd period - Shot Misses the Net.
8:06 of 2nd period - Slapshot by Morgan Rielly.
8:06 of 2nd period - Shot Misses the Net.
8:24 of 2nd period - Noah Hanifin is hit by Vincent Trocheck and loses puck.
8:35 of 2nd period - Snap shot by Kevin Fiala.
8:35 of 2nd period - Stopped by Ville Husso with a rebound.
8:45 of 2nd period - Seth Jones is hit by Anton Lundell and loses puck.
9:06 of 2nd period - Clayton Keller is hit by Patrice Bergeron and loses puck.
9:48 of 2nd period - Snap shot by Vincent Trocheck.
9:48 of 2nd period - Deflect By Bo Horvat.
9:48 of 2nd period - Shot Misses the Net.
9:48 of 2nd period - Puck is out of play.
9:49 of 2nd period - Bo Horvat wins face-off versus Noah Cates in Vancouver Canucks zone.
10:08 of 2nd period - Slapshot by Kevin Fiala.
10:08 of 2nd period - Stopped by Ville Husso without a rebound.
10:09 of 2nd period - Aleksander Barkov wins face-off versus Tyler Bertuzzi in Vancouver Canucks zone.
10:21 of 2nd period - Wrist shot by Aleksander Barkov.
10:21 of 2nd period - Stopped by Thatcher Demko with a rebound.
10:23 of 2nd period - Wrist shot by Artturi Lehkonen.
10:23 of 2nd period - Shot Blocked by Brent Burns.
10:25 of 2nd period - Slapshot by Noah Hanifin.
10:25 of 2nd period - Stopped by Thatcher Demko without a rebound.
10:26 of 2nd period - Morgan Frost wins face-off versus Noah Cates in Chicago Black Hawks zone.
10:41 of 2nd period - Wrist shot by Michael Rasmussen.
10:41 of 2nd period - Stopped by Ville Husso without a rebound.
10:42 of 2nd period - Patrice Bergeron wins face-off versus Aleksander Barkov in Vancouver Canucks zone.
11:01 of 2nd period - Miro Heiskanen is hit by Patrice Bergeron and loses puck.
11:38 of 2nd period - Snap shot by Morgan Frost.
11:38 of 2nd period - Shot Misses the Net.
11:40 of 2nd period - Slapshot by Travis Sanheim.
11:40 of 2nd period - Deflect By Morgan Frost.
11:40 of 2nd period - Stopped by Ville Husso without a rebound.
11:41 of 2nd period - Morgan Frost wins face-off versus Aleksander Barkov in Vancouver Canucks zone.
11:54 of 2nd period - Snap shot by Morgan Frost.
11:54 of 2nd period - Stopped by Ville Husso with a rebound.
12:08 of 2nd period - Clayton Keller is hit by Barrett Hayton and loses puck.
12:29 of 2nd period - Snap shot by Tyler Bertuzzi.
12:29 of 2nd period - Stopped by Ville Husso without a rebound.
12:30 of 2nd period - Anton Lundell wins face-off versus Bo Horvat in Vancouver Canucks zone.
12:32 of 2nd period - Minor Penalty to Sam Lafferty for Tripping.
12:33 of 2nd period - Aleksander Barkov wins face-off versus Vincent Trocheck in Vancouver Canucks zone.
12:33 of 2nd period - Aleksander Barkov is hit by Morgan Rielly.
12:44 of 2nd period - Aleksander Barkov is hit by Kevin Fiala and loses puck.
14:32 of 2nd period - Penalty to Sam Lafferty is over, Sam Lafferty is back on ice.
14:43 of 2nd period - Snap shot by Sam Lafferty.
14:43 of 2nd period - Shot Misses the Net.
14:45 of 2nd period - Slapshot by Adam Boqvist.
14:45 of 2nd period - Deflect By Brent Burns.
14:45 of 2nd period - Stopped by Thatcher Demko with a rebound.
15:11 of 2nd period - Snap shot by Robby Fabbri.
15:11 of 2nd period - Stopped by Thatcher Demko without a rebound.
15:12 of 2nd period - Aleksander Barkov wins face-off versus Frederick Gaudreau in Chicago Black Hawks zone.
15:15 of 2nd period - Snap shot by Artturi Lehkonen.
15:15 of 2nd period - Shot Blocked by Morgan Rielly.
15:50 of 2nd period - Off-side.
15:51 of 2nd period - Bo Horvat wins face-off versus Noah Cates in neutral zone.
15:55 of 2nd period - Off-side.
15:56 of 2nd period - Bo Horvat wins face-off versus Aleksander Barkov in neutral zone.
16:01 of 2nd period - Slapshot by Bo Horvat.
16:01 of 2nd period - Shot Misses the Net.
16:24 of 2nd period - Jake Bean is hit by Barrett Hayton and loses puck.
17:04 of 2nd period - Noah Hanifin is hit by Devon Toews and loses puck.
17:13 of 2nd period - Wrist shot by Casey Mittelstadt.
17:13 of 2nd period - Shot Blocked by Morgan Rielly.
17:20 of 2nd period - Icing by Frederick Gaudreau.
17:21 of 2nd period - Aleksander Barkov wins face-off versus Frederick Gaudreau in Chicago Black Hawks zone.
17:31 of 2nd period - Icing by Cole Perfetti.
17:32 of 2nd period - Aleksander Barkov wins face-off versus Frederick Gaudreau in Chicago Black Hawks zone.
17:57 of 2nd period - Wrist shot by Shane Pinto.
17:57 of 2nd period - Stopped by Ville Husso without a rebound.
17:58 of 2nd period - Patrice Bergeron wins face-off versus Noah Cates in Vancouver Canucks zone.
18:25 of 2nd period - Sam Lafferty is hit by Seth Jones and loses puck.
18:45 of 2nd period - Slapshot by Morgan Frost.
18:45 of 2nd period - Goal by Morgan Frost - Chicago Black Hawks : 2 - Vancouver Canucks : 1.
18:46 of 2nd period - Noah Cates wins face-off versus Patrice Bergeron in neutral zone.
19:09 of 2nd period - Minor Penalty to Travis Sanheim for Tripping.
19:10 of 2nd period - Aleksander Barkov wins face-off versus Bo Horvat in Chicago Black Hawks zone.
19:59 of 2nd period - Off-side.
Goals for this period are 1 for Chicago Black Hawks vs 0 for Vancouver Canucks.
Shots for this period are 16 for Chicago Black Hawks vs 10 for Vancouver Canucks.
3rd period
0:01 of 3rd period - Bo Horvat wins face-off versus Clayton Keller in neutral zone.
0:12 of 3rd period - Bo Horvat is hit by Aleksander Barkov and loses puck.
0:17 of 3rd period - Wrist shot by Mikko Rantanen.
0:17 of 3rd period - Stopped by Thatcher Demko without a rebound.
0:18 of 3rd period - Aleksander Barkov wins face-off versus Vincent Trocheck in Chicago Black Hawks zone.
0:21 of 3rd period - Snap shot by Clayton Keller.
0:21 of 3rd period - Stopped by Thatcher Demko with a rebound.
0:23 of 3rd period - Slapshot by Miro Heiskanen.
0:23 of 3rd period - Shot Misses the Net.
0:25 of 3rd period - Wrist shot by Mikko Rantanen.
0:25 of 3rd period - Stopped by Thatcher Demko with a rebound.
0:27 of 3rd period - Slapshot by Adam Boqvist.
0:27 of 3rd period - Shot Blocked by Brent Burns.
0:29 of 3rd period - Wrist shot by Mikko Rantanen.
0:29 of 3rd period - Shot Misses the Net.
1:09 of 3rd period - Penalty to Travis Sanheim is over, Travis Sanheim is back on ice.
1:29 of 3rd period - Slapshot by Seth Jones.
1:29 of 3rd period - Stopped by Ville Husso with a rebound.
2:18 of 3rd period - Kevin Fiala is hit by Olli Maatta and loses puck.
2:35 of 3rd period - Morgan Rielly is hit by Noah Hanifin and loses puck.
3:09 of 3rd period - Michael Rasmussen is hit by Robby Fabbri and loses puck.
3:10 of 3rd period - Michael Rasmussen from Chicago Black Hawks is injured at 3:10 of 3rd period (Right Leg).
3:11 of 3rd period - Aleksander Barkov wins face-off versus Bo Horvat in Chicago Black Hawks zone.
3:18 of 3rd period - Snap shot by Artturi Lehkonen.
3:18 of 3rd period - Shot Misses the Net.
3:44 of 3rd period - Patrice Bergeron is hit by Clayton Keller and loses puck.
4:26 of 3rd period - Off-side.
4:27 of 3rd period - Bo Horvat wins face-off versus Casey Mittelstadt in neutral zone.
4:32 of 3rd period - Slapshot by Christopher Tanev.
4:32 of 3rd period - Stopped by Ville Husso with a rebound.
4:34 of 3rd period - Wrist shot by Bo Horvat.
4:34 of 3rd period - Stopped by Ville Husso without a rebound.
4:35 of 3rd period - Bo Horvat wins face-off versus Aleksander Barkov in Vancouver Canucks zone.
5:12 of 3rd period - Adam Boqvist is hit by Christopher Tanev and loses puck.
5:35 of 3rd period - Slapshot by Patrice Bergeron.
5:35 of 3rd period - Stopped by Ville Husso with a rebound.
5:49 of 3rd period - Wrist shot by Casey Mittelstadt.
5:49 of 3rd period - Shot Blocked by Kevin Fiala.
6:05 of 3rd period - Minor Penalty to Vincent Trocheck for Interference.
6:06 of 3rd period - Aleksander Barkov wins face-off versus Shane Pinto in Chicago Black Hawks zone.
6:07 of 3rd period - Snap shot by Clayton Keller.
6:07 of 3rd period - Shot Blocked by Kevin Fiala.
7:04 of 3rd period - Noah Hanifin is hit by Bo Horvat and loses puck.
7:11 of 3rd period - Miro Heiskanen is hit by Patrice Bergeron and loses puck.
8:05 of 3rd period - Penalty to Vincent Trocheck is over, Vincent Trocheck is back on ice.
8:14 of 3rd period - Barrett Hayton is hit by Jake Bean and loses puck.
9:33 of 3rd period - Frederick Gaudreau is hit by Sam Lafferty and loses puck.
9:44 of 3rd period - Taylor Raddysh is hit by Bo Horvat and loses puck.
10:12 of 3rd period - Icing by Shane Pinto.
10:13 of 3rd period - Aleksander Barkov wins face-off versus Frederick Gaudreau in Chicago Black Hawks zone.
10:37 of 3rd period - Kevin Fiala is hit by Anton Lundell and loses puck.
11:16 of 3rd period - Slapshot by Shane Pinto.
11:16 of 3rd period - Stopped by Ville Husso with a rebound.
11:18 of 3rd period - Snap shot by Shane Pinto.
11:18 of 3rd period - Stopped by Ville Husso with a rebound.
11:46 of 3rd period - Tyler Bertuzzi is hit by Robby Fabbri and loses puck.
11:51 of 3rd period - Wrist shot by Clayton Keller.
11:51 of 3rd period - Stopped by Thatcher Demko without a rebound.
11:52 of 3rd period - Bo Horvat wins face-off versus Aleksander Barkov in Chicago Black Hawks zone.
12:29 of 3rd period - Slapshot by Cole Perfetti.
12:29 of 3rd period - Stopped by Ville Husso with a rebound.
12:45 of 3rd period - Snap shot by Jesperi Kotkaniemi.
12:45 of 3rd period - Shot Misses the Net.
12:47 of 3rd period - Slapshot by Taylor Raddysh.
12:47 of 3rd period - Shot Misses the Net.
12:49 of 3rd period - Slapshot by Jacob Bryson.
12:49 of 3rd period - Stopped by Thatcher Demko with a rebound.
12:51 of 3rd period - Slapshot by Jacob Bryson.
12:51 of 3rd period - Deflect By Casey Mittelstadt.
12:51 of 3rd period - Stopped by Thatcher Demko with a rebound.
13:30 of 3rd period - Slapshot by Jake Bean.
13:30 of 3rd period - Stopped by Thatcher Demko with a rebound.
13:37 of 3rd period - Icing by Christopher Tanev.
13:38 of 3rd period - Morgan Frost wins face-off versus Sam Lafferty in Chicago Black Hawks zone.
14:44 of 3rd period - Miro Heiskanen is hit by Morgan Frost and loses puck.
14:53 of 3rd period - Slapshot by Shane Pinto.
14:53 of 3rd period - Deflect By Cal Clutterbuck.
14:53 of 3rd period - Shot Blocked by Noah Hanifin.
14:53 of 3rd period - Puck is out of play.
14:54 of 3rd period - Vincent Trocheck wins face-off versus Aleksander Barkov in Vancouver Canucks zone.
15:27 of 3rd period - Off-side.
15:28 of 3rd period - Sam Lafferty wins face-off versus Morgan Frost in neutral zone.
15:31 of 3rd period - Slapshot by Miro Heiskanen.
15:31 of 3rd period - Deflect By Anton Lundell.
15:31 of 3rd period - Shot Misses the Net.
15:31 of 3rd period - Puck is out of play.
15:32 of 3rd period - Morgan Frost wins face-off versus Sam Lafferty in Chicago Black Hawks zone.
16:02 of 3rd period - Slapshot by Devon Toews.
16:02 of 3rd period - Stopped by Ville Husso with a rebound.
16:21 of 3rd period - Devon Toews is hit by Adam Boqvist.
16:34 of 3rd period - Icing by Jake Bean.
16:35 of 3rd period - Morgan Frost wins face-off versus Noah Cates in Vancouver Canucks zone.
16:40 of 3rd period - Wrist shot by Morgan Frost.
16:40 of 3rd period - Stopped by Ville Husso with a rebound.
16:42 of 3rd period - Slapshot by Seth Jones.
16:42 of 3rd period - Stopped by Ville Husso with a rebound.
16:44 of 3rd period - Slapshot by Brent Burns.
16:44 of 3rd period - Stopped by Ville Husso with a rebound.
16:46 of 3rd period - Backhand shot by Brent Burns.
16:46 of 3rd period - Shot Blocked by Adam Boqvist.
16:48 of 3rd period - Snap shot by Shane Pinto.
16:48 of 3rd period - Stopped by Ville Husso with a rebound.
16:50 of 3rd period - Snap shot by Shane Pinto.
16:50 of 3rd period - Stopped by Ville Husso with a rebound.
17:13 of 3rd period - Wrist shot by Patrice Bergeron.
17:13 of 3rd period - Shot Blocked by Miro Heiskanen.
17:45 of 3rd period - Snap shot by Mikko Rantanen.
17:45 of 3rd period - Stopped by Thatcher Demko with a rebound.
17:47 of 3rd period - Backhand shot by Noah Hanifin.
17:47 of 3rd period - Stopped by Thatcher Demko with a rebound.
18:09 of 3rd period - Slapshot by Casey Mittelstadt.
18:09 of 3rd period - Shot Blocked by Cal Clutterbuck.
19:33 of 3rd period - Snap shot by Vincent Trocheck.
19:33 of 3rd period - Deflect By Bo Horvat.
19:33 of 3rd period - Stopped by Ville Husso with a rebound.
Goals for this period are 0 for Chicago Black Hawks vs 0 for Vancouver Canucks.
Shots for this period are 14 for Chicago Black Hawks vs 9 for Vancouver Canucks.
Back to the Top